 Dungeon Crawl Stone Soup version 0.30-a0-12-gd8047c6341 (webtiles) character file.

Game seed: 17697023716142291440

32 fingers the Insei (level 3, -1/23 HPs)
             Began as an Octopode Transmuter on Aug 23, 2022.
             Slain by a goblin
             ... wielding a +0 dagger
             ... led by Robin
              (2 damage)
             ... on level 2 of the Dungeon.
             The game lasted 00:02:24 (1359 turns).

fingers the Insei (Octopode Transmuter)             Turns: 1359, Time: 00:02:25

Health: -1/23      AC:  1    Str: 11    XL:     3   Next: 27%
Magic:  6/6        EV: 13    Int: 15    God:
Gold:   37         SH:  0    Dex: 12    Spells: 5/6 levels left

rFire   . . .      SeeInvis .      - Unarmed
rCold   . . .      Faith    .    (no shield)
rNeg    . . .      Spirit   .    (helmet restricted)
rPois   .          Reflect  .    (no amulet)
rElec   .          Harm     .    (no ring)
rCorr   .          Rampage  .    (no ring)
Will    .....                    (no ring)
Stlth   ++........               (no ring)
HPRegen 0.07/turn                (no ring)
MPRegen 0.10/turn                (no ring)
                                 (no ring)
                                 (no ring)

@: no status effects
A: almost no armour, amphibious, 8 rings, camouflage 1, gelatinous body 1,
(nimble swimmer 1), tentacles
a: no special abilities


You were on level 2 of the Dungeon.
You visited 1 branch of the dungeon, and saw 2 of its levels.

You collected 37 gold pieces.

Inventory:

Scrolls
 b - a scroll of magic mapping {unknown}
 d - a scroll of enchant armour {unknown}
Potions
 a - a potion of lignification
 c - a potion of ambrosia {unknown}
 e - a potion of might {unknown}
 f - a potion of berserk rage {unknown}


   Skills:
 + Level 1.5 Fighting
 + Level 2.3 Dodging
 + Level 3.2 Unarmed Combat
 + Level 2.3 Spellcasting
 + Level 2.3 Transmutations


You had 5 spell levels left.
You knew the following spells:

 Your Spells              Type           Power      Damage    Failure   Level
a - Beastly Appendage     Tmut           16%        N/A       9%          1

Your spell library contained the following spells:

 Spells                   Type           Power      Damage    Failure   Level
 Wereblood                Tmut           8%         N/A       12%         2
 Static Discharge         Conj/Air       1%         3-4/arc   32%         2
 Spider Form              Tmut/Pois      5%         N/A       36%         3
 Ice Form                 Ice/Tmut       5%         N/A       78%         4
 Lightning Bolt           Conj/Air       0%         1d11      99%         5
 Maxwell's Capacitive Co  Air            0%         ∞         100%        8


Dungeon Overview and Level Annotations

Branches:
Dungeon (2/15)

Altars:

Annotations:
D:2 Robin


Innate Abilities, Weirdness & Mutations

You cannot wear most types of armour.
You are amphibious.
You can wear up to eight rings at the same time.
Your skin changes colour to match your surroundings (Stealth+).
Your rubbery body absorbs attacks. (AC +1, EV +1)
((You are camouflaged when in or above water. (Stealth+)))
You have tentacles for arms and can constrict up to eight enemies at once.


Message History

The bat hits you but does no damage. The bat misses you.
The bat hits you but does no damage.
You miss the bat. You grab the bat. You constrict the bat.
The bat completely misses you.
The bat escapes!
A giant cockroach comes into view.
Robin of the Strong Arm comes into view.
They are wielding a +0 spear.
The bat hits you but does no damage. The bat barely misses you.
The bat attacks as you move away! The bat misses you. The bat hits you.
You closely miss the bat. Your grab misses the bat.
You squeeze the bat, but do no damage.
The bat is moderately wounded.
The bat closely misses you. The bat barely misses you.
Found a scroll labelled LYOVUYRIWK.
The bat closely misses you. The bat barely misses you.
The goblin attacks as you move away! The goblin hits you with a +0 dagger.
Found a purple potion.
The bat hits you. The goblin hits you with a +0 dagger.
The goblin attacks as you move away! The goblin hits you with a +0 dagger.
The bat closely misses you. Robin throws the goblin at you!
The goblin hits you with a +0 club.
You miss the goblin. Your grab misses the goblin.
Your squeeze misses the goblin. The bat closely misses you.
The goblin hits you with a +0 dagger. x2; The goblin hits you with a +0 club.
* * * LOW HITPOINT WARNING * * *
You barely miss the goblin. You grab the goblin. You squeeze the goblin.
The goblin is severely wounded.
You constrict the goblin.
You kill the goblin!
The bat barely misses you.
A hobgoblin comes into view.
The goblin hits you but does no damage. The goblin hits you with a +0 dagger.
* * * LOW HITPOINT WARNING * * *
You are too injured to fight recklessly!
The goblin attacks as you move away! The goblin hits you with a +0 dagger.
* * * LOW HITPOINT WARNING * * *
The bat hits you but does no damage.
You see here a +0 club.
The goblin attacks as you move away! The goblin hits you with a +0 dagger.
You die...

# .#.#############
................
......b........
###.......##
#!....@gBg.######.#
#.######..........#
........#....###.
#.......#..g.......#
#.##..?....#.##g###.#.#
#.##.......#.#..g.
#.###.######.#...##
#.#... #.#.#.. ###
#.#.# #.#. ##.


You could see Robin, a giant cockroach, 2 hobgoblins, a goblin and a bat.

Vanquished Creatures
  2 dart slugs
  3 ball pythons (D:1)
  An endoplasm (D:1)
  3 giant cockroaches (D:1)
  2 hobgoblins (D:1)
  A kobold (D:1)
  A quokka (D:1)
  2 bats
  2 frilled lizards
  5 goblins
  4 rats (D:1)
26 creatures vanquished.

Notes
Turn   | Place    | Note
-------+----------+-------------------------------------------
     0 | D:1      | fingers the Octopode Transmuter began the quest for the
                  | Orb.
     0 | D:1      | Reached XP level 1. HP: 13/13 MP: 3/3
   486 | D:1      | Reached XP level 2. HP: 13/18 MP: 3/5
  1186 | D:1      | Reached XP level 3. HP: 23/23 MP: 6/6
  1347 | D:2      | Noticed Robin
  1358 | D:2      | HP: 1/23 [goblin/+0 dagger[Robin] (2)]
  1359 | D:2      | Slain by a goblin

Illustrated notes

Levels and vault maps discovered:
D:1:      dreamdust_arrival_beginning_and_end, layout_loops_ring, minivault_4
D:2:      layout_basic, uniq_robin, uniq_sigmund, uniq_jessica

Action                   || total
-------------------------++-------
Melee: Unarmed           ||    50
       Kick              ||     7
       Constrict         ||    15
       Tentacles         ||    13
 Cast: Beastly Appendage ||     5
 Stab: Sleeping          ||     3
Armor: Skin              ||     5
Dodge: Dodged            ||    39

Table legend: (Time is in decaauts)
 A = Elapsed time spent in this place.
 B = Non-inter-level travel time spent in this place.
 C = Inter-level travel time spent in this place.
 D = Time resting spent in this place.
 E = Time spent auto-exploring this place.
 F = Levels seen in this place.
 G = Mean time per level.
                   A        B        C        D        E       F      G
               +--------+--------+--------+--------+--------+-----+--------+
         Total |   1355 |   1355 |      0 |    398 |    602 |   2 |  677.5 |
       Dungeon |   1355 |   1355 |      0 |    398 |    602 |   2 |  677.5 |
               +--------+--------+--------+--------+--------+-----+--------+

Top non-repeatable levels by time:
     D:1: 1239 daAuts
     D:2: 116 daAuts
